[Event "ICC Open 2015"]
[Site "Internet Chess Club"]
[Date "2015.05.30"]
[Round "3"]
[White "vasek"]
[Black "RaiseTheCurve"]
[Result "1-0"]
[ICCResult "Black checkmated"]
[WhiteElo "1287"]
[BlackElo "1954"]
[Opening "Alekhine's defense: modern, Larsen variation"]
[ECO "B04"]
[NIC "AL.05"]
[Time "14:26:28"]
[TimeControl "180+0"]

1. e4 Nf6 2. e5 Nd5 3. d4 d6 4. Nf3 dxe5 5. Nxe5 c6 6. Bc4 Nd7 7. Nxd7 Bxd7
8. O-O Bf5 9. Bb3 e6 10. c4 Nf6 11. Nc3 Bd6 12. h3 Rc8 13. Re1 O-O 14. Bg5
h6 15. Bh4 g5 16. Bg3 Bxg3 17. fxg3 Qc7 18. Qf3 Rfd8 19. g4 Nxg4 20. hxg4
Bg6 21. Qf6 Qg3 22. c5 Qxg4 23. Bxe6 Qxd4+ 24. Qxd4 Rxd4 25. Bxc8 Rd2 26.
Bxb7 Rxb2 27. Bxc6 Rc2 28. Na4 Bd3 29. Be8 f5 30. Rac1 Rxa2 31. Nc3 Kg7 32.
Nxa2 Kf6 33. c6 g4 34. c7 Kg5 35. c8=Q a5 36. Rc5 a4 37. Nc1 a3 38. Nxd3 a2
39. Qxf5+ Kh4 40. Qh5+ Kg3 41. Rd1 a1=Q 42. Qh2# {Black checkmated} 1-0

[Event "ICC Open 2015"]
[Site "Internet Chess Club"]
[Date "2015.05.30"]
[Round "3"]
[White "TapculescuM"]
[Black "Smokie"]
[Result "1-0"]
[ICCResult "Black checkmated"]
[WhiteElo "1819"]
[BlackElo "1431"]
[Opening "Queen's pawn game, Darooha variation "]
[ECO "D02"]
[NIC "QP.08"]
[Time "14:27:24"]
[TimeControl "180+0"]

1. d4 d5 2. Nf3 Nf6 3. g3 g6 4. Bg2 Bg7 5. O-O O-O 6. b3 c6 7. Bb2 Bf5 8.
Nbd2 Nbd7 9. Ne5 Nxe5 10. dxe5 Nd7 11. f4 e6 12. e4 dxe4 13. g4 Qh4 14. gxf5
gxf5 15. Qe1 Qh6 16. Kh1 Rad8 17. Nc4 Kh8 18. Rd1 Rg8 19. Nd6 Qg6 20. Qg3
Qxg3 21. Nxf7# {Black checkmated} 1-0

[Event "ICC Open 2015"]
[Site "Internet Chess Club"]
[Date "2015.05.30"]
[Round "3"]
[White "chessdjw"]
[Black "kurumania"]
[Result "0-1"]
[ICCResult "White resigns"]
[WhiteElo "2314"]
[BlackElo "2780"]
[Opening "English: symmetrical, hedgehog system"]
[ECO "A05"]
[NIC "EO.40"]
[Time "14:26:13"]
[TimeControl "180+0"]

1. Nf3 Nf6 2. c4 e6 3. Nc3 c5 4. g3 b6 5. Bg2 Bb7 6. O-O Be7 7. Re1 d5 8.
cxd5 exd5 9. d4 O-O 10. dxc5 bxc5 11. Qb3 Qb6 12. Qxb6 axb6 13. Ne5 Rd8 14.
Rd1 Ra7 15. Bg5 h6 16. Bf4 g5 17. Bd2 Nc6 18. Nxc6 Bxc6 19. a4 Rda8 20. b3
b5 21. a5 b4 22. Na4 Rxa5 23. h4 gxh4 24. gxh4 c4 25. Rac1 Bxa4 26. bxa4
Rxa4 27. Bxh6 b3 28. Bxd5 Nxd5 29. Rxd5 b2 30. Rcd1 Ra1 31. Kg2 Rxd1 32.
Rxd1 Ra1 33. Rd7 b1=Q 34. Rxe7 Qg6+ 35. Bg5 c3 36. Re8+ Kh7 37. f4 Qc6+
{White resigns}
0-1

[Event "ICC Open 2015"]
[Site "Internet Chess Club"]
[Date "2015.05.30"]
[Round "3"]
[White "safadi001"]
[Black "olimpioMD"]
[Result "1-0"]
[ICCResult "Black resigns"]
[WhiteElo "1772"]
[BlackElo "1415"]
[Opening "Scandinavian defense"]
[ECO "B01"]
[NIC "SD.03"]
[Time "14:26:47"]
[TimeControl "180+0"]

1. e4 d5 2. exd5 Nf6 3. c4 Bf5 4. Nf3 e6 5. dxe6 Bxe6 6. d4 Bb4+ 7. Nc3 O-O
8. Bd3 Bg4 9. a3 Be7 10. Be3 Nbd7 11. h3 Bh5 12. g4 Nxg4 13. Bxh7+ Kxh7 14.
hxg4 g6 15. gxh5 g5 16. Qc2+ f5 17. Rg1 Kh6 18. O-O-O Rg8 19. Qxf5 Bf6 20.
Ne5 Qe7 21. Nxd7 Qh7 22. Qxf6+ Rg6 23. Bxg5+ Kxh5 {Black resigns} 1-0

[Event "ICC Open 2015"]
[Site "Internet Chess Club"]
[Date "2015.05.30"]
[Round "3"]
[White "hAutAjArvi"]
[Black "Macks"]
[Result "1-0"]
[ICCResult "Black checkmated"]
[WhiteElo "2054"]
[BlackElo "1527"]
[Opening "Sicilian defense"]
[ECO "B30"]
[NIC "SI.31"]
[Time "14:27:49"]
[TimeControl "180+0"]

1. e4 c5 2. Nf3 Nc6 3. Nc3 d6 4. d4 cxd4 5. Nxd4 a6 6. Be3 Qc7 7. Be2 g6 8.
O-O Bg7 9. f4 Nxd4 10. Bxd4 Bxd4+ 11. Qxd4 Nf6 12. e5 dxe5 13. fxe5 Nd7 14.
e6 Nf6 15. exf7+ Kxf7 16. Bc4+ Kg7 17. Rae1 Bf5 18. Nd5 Qd6 19. Rxe7+ Kf8
20. Rfe1 Nxd5 21. Qxh8# {Black checkmated} 1-0

[Event "ICC Open 2015"]
[Site "Internet Chess Club"]
[Date "2015.05.30"]
[Round "3"]
[White "podkarpacki"]
[Black "VoltesV"]
[Result "1-0"]
[ICCResult "Black checkmated"]
[WhiteElo "1473"]
[BlackElo "1595"]
[Opening "English: symmetrical, Benoni formation"]
[ECO "A31"]
[NIC "EO.46"]
[Time "14:27:34"]
[TimeControl "180+0"]

1. Nf3 Nf6 2. d4 c5 3. c4 cxd4 4. Nxd4 g6 5. Nc3 Bg7 6. e4 d6 7. Be3 O-O 8.
Be2 Nc6 9. O-O Bd7 10. f4 a6 11. Bf3 Rc8 12. Rc1 Nxd4 13. Bxd4 Rxc4 14. b3
Rc8 15. Re1 Qa5 16. Nd5 Nxd5 17. Bxg7 Kxg7 18. Rxc8 Rxc8 19. exd5 Qa3 20.
Qd4+ f6 21. Rxe7+ Kh6 22. Rxd7 Rc1+ 23. Kf2 Qxa2+ 24. Kg3 Qxb3 25. Qxf6 Qc3
26. Qg5# {Black checkmated} 1-0

[Event "ICC Open 2015"]
[Site "Internet Chess Club"]
[Date "2015.05.30"]
[Round "3"]
[White "JustKid"]
[Black "Svinotigr"]
[Result "1-0"]
[ICCResult "Black resigns"]
[WhiteElo "2129"]
[BlackElo "1669"]
[Opening "King's Indian: fianchetto, classical variation, 8.e4"]
[ECO "E68"]
[NIC "KI.64"]
[Time "14:26:39"]
[TimeControl "180+0"]

1. g3 d6 2. Bg2 Nd7 3. d4 e5 4. c4 g6 5. Nf3 Bg7 6. O-O Ngf6 7. Nc3 O-O 8.
e4 Re8 9. h3 h5 10. Be3 Qe7 11. Qc2 Nf8 12. Rfe1 N8h7 13. Rad1 c6 14. b4 a6
15. dxe5 dxe5 16. Bc5 Qe6 17. Rd6 Qe7 18. Rxc6 Qd8 19. Rd6 Qc7 20. Red1 Nd7
21. Nd5 Qb8 22. Nb6 Nxb6 23. Bxb6 Be6 24. c5 Bf8 25. Rd8 Rxd8 26. Rxd8 Bc8
27. Qc4 Nf6 28. Ng5 {Black resigns} 1-0

[Event "ICC Open 2015"]
[Site "Internet Chess Club"]
[Date "2015.05.30"]
[Round "3"]
[White "Bartof"]
[Black "LUCECOAGU"]
[Result "1-0"]
[ICCResult "Black resigns"]
[WhiteElo "1937"]
[BlackElo "2383"]
[Opening "Trompowsky attack (Ruth, Opocenský opening)"]
[ECO "A45"]
[NIC "QP.07"]
[Time "14:26:37"]
[TimeControl "180+0"]

1. d4 Nf6 2. Bg5 Ne4 3. Bh4 g5 4. f3 gxh4 5. fxe4 c5 6. e3 Bg7 7. c3 Qb6 8.
Qb3 Qxb3 9. axb3 Nc6 10. Nf3 h3 11. g4 d6 12. Bxh3 h5 13. Rg1 Bh6 14. g5
Bxh3 15. gxh6 Bg4 16. Nbd2 O-O-O 17. d5 Nb8 18. Rxa7 Rxh6 19. Nh4 Kc7 20.
Ra8 e6 21. Rf1 Rh7 22. Rf6 Re8 23. Nc4 b5 24. Ra7+ Kd8 25. Nxd6 Re7 26. Ra8
Kc7 27. Nxb5+ Kb7 28. Ra7+ {Black resigns} 1-0

[Event "ICC Open 2015"]
[Site "Internet Chess Club"]
[Date "2015.05.30"]
[Round "3"]
[White "Volkov"]
[Black "Machinegun"]
[Result "1-0"]
[ICCResult "Black resigns"]
[WhiteElo "2983"]
[BlackElo "2511"]
[Opening "King's Indian: Gligoric-Taimanov system"]
[ECO "E92"]
[NIC "KI.18"]
[Time "14:26:15"]
[TimeControl "180+0"]

1. d4 Nf6 2. c4 g6 3. Nc3 Bg7 4. e4 d6 5. Be2 O-O 6. Nf3 e5 7. Be3 exd4 8.
Nxd4 Re8 9. f3 Nc6 10. O-O Nh5 11. Qd2 Nf4 12. Rfd1 Nxd4 13. Bxd4 Nxe2+ 14.
Nxe2 f6 15. Rac1 Be6 16. b4 Bf7 17. a4 Qd7 18. b5 a6 19. Nc3 axb5 20. cxb5
c6 21. Bc5 cxb5 22. Nxb5 Rxa4 23. Nxd6 Rea8 24. Nxf7 Qxf7 25. Qd7 Qxd7 26.
Rxd7 Ra1 27. Rxa1 Rxa1+ 28. Kf2 Rb1 29. g4 Rb5 30. Bd4 Rb4 31. h4 b5 32. h5
gxh5 33. gxh5 Rc4 34. h6 Bxh6 35. Bxf6 Bf8 36. e5 Rc6 37. Rb7 b4 38. f4 Rc3
39. e6 Bc5+ 40. Kg2 Rc2+ 41. Kh3 h5 42. f5 Rf2 43. Rb8+ Bf8 44. e7 Rxf5 45.
exf8=Q+ {Black resigns} 1-0

[Event "ICC Open 2015"]
[Site "Internet Chess Club"]
[Date "2015.05.30"]
[Round "3"]
[White "sceptic"]
[Black "BlueGoose"]
[Result "1-0"]
[ICCResult "Black checkmated"]
[WhiteElo "1600"]
[BlackElo "1780"]
[Opening "French: Alapin variation"]
[ECO "C01"]
[NIC "FR.01"]
[Time "14:27:57"]
[TimeControl "180+0"]

1. e4 e6 2. d4 d5 3. Be3 dxe4 4. Nd2 Nf6 5. f3 exf3 6. Ngxf3 Bd6 7. Bd3 O-O
8. O-O b6 9. Qe1 Bb7 10. Qh4 Be7 11. Bg5 h6 12. Bxh6 g6 13. Bg5 Kg7 14. Qh6+
Kg8 15. Bxg6 fxg6 16. Qxg6+ Kh8 17. Ne5 Nbd7 18. Bh6 Nxe5 19. Qg7#
{Black checkmated}
1-0

[Event "ICC Open 2015"]
[Site "Internet Chess Club"]
[Date "2015.05.30"]
[Round "3"]
[White "BigCol"]
[Black "Sjelan"]
[Result "0-1"]
[ICCResult "White resigns"]
[WhiteElo "1752"]
[BlackElo "2210"]
[Opening "Queen's pawn"]
[ECO "A40"]
[NIC "QO.17"]
[Time "14:27:35"]
[TimeControl "180+0"]

1. d4 c6 2. Nf3 d5 3. Bf4 Nf6 4. e3 Bf5 5. h3 Nbd7 6. Be2 Qb6 7. Qc1 e6 8.
c3 Be7 9. O-O O-O 10. Nbd2 Rac8 11. Nh4 Be4 12. f3 Bg6 13. Nxg6 fxg6 14. Bh2
c5 15. Rb1 cxd4 16. exd4 e5 17. Nb3 exd4 18. Nxd4 Bc5 19. Rd1 Rfe8 20. Bf1
Ne5 21. Kh1 Nc6 22. Nxc6 bxc6 23. Qg5 Be3 24. Qg3 Nh5 25. Qh4 Bf2 26. Qg4
Kh8 27. Bd3 Nf6 28. Qf4 Re7 29. Bg1 Rce8 30. Bxf2 Qxf2 31. Rd2 Re1+ 32. Rxe1
Rxe1+ 33. Kh2 Qg1+ 34. Kg3 Nh5+ {White resigns} 0-1

[Event "ICC Open 2015"]
[Site "Internet Chess Club"]
[Date "2015.05.30"]
[Round "3"]
[White "bythebook"]
[Black "Judge-Dread"]
[Result "1-0"]
[ICCResult "Black checkmated"]
[WhiteElo "1636"]
[BlackElo "1131"]
[Opening "Philidor's defense"]
[ECO "C41"]
[NIC "KP.10"]
[Time "14:27:37"]
[TimeControl "180+0"]

1. e4 e5 2. Nf3 d6 3. Bc4 Bg4 4. d3 Bxf3 5. Qxf3 Nf6 6. Bg5 Be7 7. Nd2 Nc6
8. c3 a6 9. a4 b5 10. axb5 axb5 11. Rxa8 Qxa8 12. Bxb5 Qa1+ 13. Qd1 Qxd1+
14. Kxd1 Kd7 15. Nb3 h6 16. Bxf6 Bxf6 17. Na5 Rb8 18. Bxc6+ Ke6 19. b4 Rb6
20. Kc2 Bg5 21. Ra1 Bf4 22. g3 Bg5 23. b5 f5 24. Nc4 f4 25. Nxb6 cxb6 26.
Ra7 fxg3 27. hxg3 Kf6 28. Bd5 g6 29. Rf7# {Black checkmated} 1-0

[Event "ICC Open 2015"]
[Site "Internet Chess Club"]
[Date "2015.05.30"]
[Round "3"]
[White "Kjaan1974"]
[Black "spanner63"]
[Result "1-0"]
[ICCResult "Black resigns"]
[WhiteElo "1420"]
[BlackElo "1680"]
[Opening "QP counter-gambit: Maroczy gambit"]
[ECO "C40"]
[NIC "KP.10"]
[Time "14:26:34"]
[TimeControl "180+0"]

1. e4 e5 2. Nf3 d5 3. exd5 Bd6 4. d3 Nf6 5. Be2 O-O 6. O-O Bg4 7. h3 Bh5 8.
c4 c6 9. Nc3 cxd5 10. cxd5 h6 11. Be3 Nbd7 12. Qd2 Nb6 13. Bxh6 gxh6 14.
Qxh6 Bxf3 15. Bxf3 Nh7 16. Ne4 Be7 17. Qd2 f5 18. Nc3 Bd6 19. a3 Qg5 20.
Qxg5+ Nxg5 21. Be2 Rac8 22. Nb5 Bb8 23. d4 a6 24. Nc3 exd4 25. Na2 Rc2 26.
Bf3 Nxf3+ 27. gxf3 Nxd5 28. b3 Nf4 29. Nb4 Bd6 30. Nxc2 {Black resigns} 1-0

[Event "ICC Open 2015"]
[Site "Internet Chess Club"]
[Date "2015.05.30"]
[Round "3"]
[White "kava"]
[Black "want2win"]
[Result "1-0"]
[ICCResult "Black resigns"]
[WhiteElo "2854"]
[BlackElo "2416"]
[Opening "English opening"]
[ECO "A05"]
[NIC "EO.52"]
[Time "14:27:12"]
[TimeControl "180+0"]

1. Nf3 Nf6 2. c4 g6 3. Nc3 d5 4. cxd5 Nxd5 5. Qb3 Nb6 6. d4 Bg7 7. Bf4 O-O
8. e3 N8d7 9. Rd1 c6 10. Be2 Nf6 11. O-O Nfd5 12. Bg3 Be6 13. Qc2 Nb4 14.
Qb1 Bc4 15. Bxc4 Nxc4 16. a3 Nd5 17. Ne4 Qb6 18. Qc2 Ncxe3 19. fxe3 Nxe3 20.
Qe2 Nxd1 21. Rxd1 Rfd8 22. Bf2 Qc7 23. Bg3 Qb6 24. Bf2 Qc7 25. h4 Rd5 26.
Nc3 Rd7 27. Ne5 Bxe5 28. dxe5 Rxd1+ 29. Nxd1 Rd8 30. Nc3 b6 31. h5 c5 32.
hxg6 hxg6 33. Qe4 Qd7 34. Kh2 Qd3 35. Qf4 Qf5 36. Be3 Qxf4+ 37. Bxf4 Rd4 38.
Kg3 e6 39. Kf3 Rd3+ 40. Be3 Kf8 41. Ke2 Rd8 42. b4 cxb4 43. axb4 Rc8 44. Kd3
Ke7 45. b5 Rd8+ 46. Bd4 Rd7 47. Ne4 Rd5 48. Kc4 Rd7 49. Nd6 Rc7+ 50. Kb4 Rc1
51. Bc3 f5 52. Nc8+ Kd7 53. Nxa7 Rg1 54. Bd4 Kc7 55. Bxg1 {Black resigns}
1-0

[Event "ICC Open 2015"]
[Site "Internet Chess Club"]
[Date "2015.05.30"]
[Round "3"]
[White "Dictator"]
[Black "Much-Acclaimed"]
[Result "1-0"]
[ICCResult "Black checkmated"]
[WhiteElo "2632"]
[BlackElo "1949"]
[Opening "Nimzo-Indian: Kmoch variation"]
[ECO "E20"]
[NIC "NI.30"]
[Time "14:26:19"]
[TimeControl "180+0"]

1. d4 Nf6 2. c4 e6 3. Nc3 Bb4 4. f3 d5 5. a3 Bxc3+ 6. bxc3 O-O 7. cxd5 exd5
8. e3 Re8 9. Bd3 c6 10. Ne2 Nbd7 11. O-O c5 12. Nf4 b6 13. Ra2 Bb7 14. Re2
Nf8 15. Bb2 Rc8 16. g4 Ng6 17. Ng2 Qc7 18. Qe1 Rcd8 19. h4 h5 20. g5 Nd7 21.
e4 dxe4 22. fxe4 cxd4 23. cxd4 Nde5 24. Bb5 Ng4 25. e5 Rf8 26. Qg3 a6 27.
Bd3 Qc6 28. Bf5 Qc4 29. Bxg4 hxg4 30. Qxg4 Qd5 31. h5 Ne7 32. Qh3 Rc8 33.
Nf4 Qc4 34. h6 gxh6 35. Qxh6 Nf5 36. Qh3 Kg7 37. Qxf5 Rh8 38. Nh3 Qxe2 39.
Qxf7# {Black checkmated} 1-0

[Event "ICC Open 2015"]
[Site "Internet Chess Club"]
[Date "2015.05.30"]
[Round "3"]
[White "SurferRosa"]
[Black "kurka56"]
[Result "1-0"]
[ICCResult "Black resigns"]
[WhiteElo "2312"]
[BlackElo "1798"]
[Opening "QGD: exchange, positional line"]
[ECO "D35"]
[NIC "QO.16"]
[Time "14:26:43"]
[TimeControl "180+0"]

1. d4 d5 2. c4 e6 3. Nc3 Nf6 4. cxd5 exd5 5. Bg5 Be7 6. e3 O-O 7. Bd3 c6 8.
Qc2 h6 9. Bh4 Nbd7 10. Nge2 Nb6 11. O-O Bg4 12. f3 Be6 13. Rad1 Rc8 14. Kh1
c5 15. Qb1 c4 16. Bf5 Qd7 17. Bxe6 Qxe6 18. e4 Rfe8 19. e5 Nh7 20. Bxe7 Qxe7
21. f4 Rcd8 22. f5 Ng5 23. Nf4 Qb4 24. f6 gxf6 25. Nh5 Re6 26. Nxf6+ Kf8 27.
h4 Ne4 28. Ncxe4 dxe4 29. Qxe4 Ke7 30. Qf4 Nd5 31. Nxd5+ Rxd5 32. Qxf7+
{Black resigns}
1-0

[Event "ICC Open 2015"]
[Site "Internet Chess Club"]
[Date "2015.05.30"]
[Round "3"]
[White "Darnoc"]
[Black "Valai"]
[Result "1-0"]
[ICCResult "Black resigns"]
[WhiteElo "2990"]
[BlackElo "2528"]
[Opening "Nimzo-Indian: classical variation"]
[ECO "E32"]
[NIC "NI.20"]
[Time "14:27:34"]
[TimeControl "180+0"]

1. d4 Nf6 2. c4 e6 3. Nc3 Bb4 4. Qc2 O-O 5. a3 Bxc3+ 6. Qxc3 Nc6 7. Nf3 d6
8. e3 Qe7 9. Be2 e5 10. O-O exd4 11. Nxd4 Nxd4 12. Qxd4 Bf5 13. b3 c6 14.
Bb2 Rad8 15. Qf4 Bg6 16. Rac1 d5 17. Rfd1 dxc4 18. Bxc4 Rxd1+ 19. Rxd1 b5
20. Be2 Bc2 21. Qd6 Qxd6 22. Rxd6 Bxb3 23. Rxc6 Rd8 24. Bxb5 Ba4 25. Bxa4
Rb8 26. g3 Nd5 27. Be5 {Black resigns} 1-0

[Event "ICC Open 2015"]
[Site "Internet Chess Club"]
[Date "2015.05.30"]
[Round "3"]
[White "BehindBluEyes"]
[Black "TudoracheM"]
[Result "0-1"]
[ICCResult "White resigns"]
[WhiteElo "2268"]
[BlackElo "1831"]
[Opening "Sicilian: Alapin's variation (2.c3)"]
[ECO "B22"]
[NIC "SI.47"]
[Time "14:27:18"]
[TimeControl "180+0"]

1. e4 c5 2. c3 Nf6 3. e5 Nd5 4. d4 cxd4 5. cxd4 d6 6. Nf3 Nc6 7. exd6 e6 8.
Bd3 Bxd6 9. Nc3 h6 10. Be3 Nxe3 11. fxe3 a6 12. O-O Qc7 13. Rc1 Qb8 14. e4
Bd7 15. e5 Be7 16. Qe2 Nb4 17. Be4 Bc6 18. a3 Bxe4 19. Nxe4 Nd5 20. Ng3 Qd8
21. Nh5 O-O 22. Qf2 Bg5 23. Rcd1 Be3 24. Ng3 Bxf2+ 25. Kxf2 Rc8 26. Rd2 Nf4
27. Ne4 Qd5 28. Re1 Rfd8 29. g3 Ng6 30. h4 Ne7 31. g4 Rc4 32. g5 hxg5 33.
hxg5 Nf5 34. g6 fxg6 35. Rg1 Nxd4 36. Nxd4 Rxd4 {White resigns} 0-1

[Event "ICC Open 2015"]
[Site "Internet Chess Club"]
[Date "2015.05.30"]
[Round "3"]
[White "MaestroASK"]
[Black "FedoseevVl95"]
[Result "1-0"]
[ICCResult "Black resigns"]
[WhiteElo "2621"]
[BlackElo "3058"]
[Opening "Benko's opening"]
[ECO "A00"]
[NIC "VO.09"]
[Time "14:26:18"]
[TimeControl "180+0"]

1. g3 Nf6 2. Bg2 d5 3. d3 e6 4. e4 Be7 5. c3 dxe4 6. dxe4 Qxd1+ 7. Kxd1 e5
8. f3 Be6 9. Bh3 Bc4 10. Nd2 Ba6 11. Bf1 O-O 12. Nh3 Rd8 13. Bxa6 Nxa6 14.
Ke2 Nd7 15. b4 f6 16. a4 c6 17. Nc4 b6 18. Nf2 Nf8 19. Rd1 Rxd1 20. Nxd1 Ne6
21. Be3 Nac7 22. Nd2 Kf7 23. Nb2 g6 24. Nd3 h5 25. Nc4 h4 26. g4 g5 27. h3
Ne8 28. Rd1 Rd8 29. Ndxe5+ fxe5 30. Nxe5+ Kg7 31. Nxc6 Rxd1 32. Kxd1 Bf6 33.
e5 Bd8 34. Nxa7 Bc7 35. Nc6 Kf7 36. Kc2 Nd8 37. Nxd8+ Bxd8 38. Kd3 Ke6 39.
Ke4 Bc7 40. Bd4 Ng7 41. c4 Kd7 42. c5 bxc5 43. Bxc5 Ne6 44. Be3 Bd8 45. b5
Ba5 46. Kf5 Bd8 47. b6 Ng7+ 48. Kg6 Ne6 49. a5 Kc6 50. Kf7 Kd7 51. a6
{Black resigns}
1-0

[Event "ICC Open 2015"]
[Site "Internet Chess Club"]
[Date "2015.05.30"]
[Round "3"]
[White "blackending"]
[Black "Cramagica"]
[Result "1-0"]
[ICCResult "Black forfeits on time"]
[WhiteElo "1712"]
[BlackElo "1196"]
[Opening "Ruy Lopez: exchange variation, 5.O-O"]
[ECO "C68"]
[NIC "RL.08"]
[Time "14:26:51"]
[TimeControl "180+0"]

1. e4 e5 2. Nf3 Nc6 3. Bb5 a6 4. Bxc6 dxc6 5. O-O Bd6 6. Re1 Nf6 7. h3 Be6
8. d4 Nd7 9. Nc3 exd4 10. Nxd4 O-O 11. Nxe6 fxe6 12. Be3 b5 13. a3 Rf7 14.
Qg4 Nf6 15. Qxe6 Qe7 16. Qxe7 Rxe7 17. f3 Bg3 18. Red1 Rae8 19. Bg5 h6 20.
Bxf6 gxf6 21. Ne2 Bd6 22. c3 Bc5+ 23. Nd4 Rg7 24. Kh2 Kh7 25. Nxc6 Reg8 26.
Rd2 Be3 27. Re2 Bf4+ 28. Kh1 Bd6 29. Nd4 c5 30. Nf5 {Black forfeits on time}
1-0

[Event "ICC Open 2015"]
[Site "Internet Chess Club"]
[Date "2015.05.30"]
[Round "3"]
[White "paulohaddad"]
[Black "Ricardov"]
[Result "0-1"]
[ICCResult "White resigns"]
[WhiteElo "1813"]
[BlackElo "2323"]
[Opening "Benoni: 6.e4"]
[ECO "A65"]
[NIC "BI.38"]
[Time "14:26:31"]
[TimeControl "180+0"]

1. d4 Nf6 2. c4 c5 3. d5 e6 4. Nc3 exd5 5. cxd5 d6 6. e4 g6 7. Bb5+ Nfd7 8.
Bf4 a6 9. Bxd7+ Nxd7 10. Nf3 Qe7 11. O-O Bg7 12. Re1 O-O 13. Rc1 Ne5 14.
Nxe5 Bxe5 15. Bxe5 Qxe5 16. a4 Bd7 17. Qb3 b5 18. axb5 axb5 19. Qc2 b4 20.
Nd1 Bb5 21. Ne3 Ra2 22. Rb1 Re8 23. Qb3 Rea8 24. Nc4 Bxc4 25. Qxc4 Rxb2 26.
Rxb2 Qxb2 27. e5 Ra1 28. Rf1 Rxf1+ 29. Kxf1 Qxe5 30. f3 Qa1+ 31. Kf2 Qb2+
32. Kg3 b3 33. Qb5 Qe5+ 34. Kf2 b2 35. Qb8+ Kg7 36. g3 c4 37. f4 Qd4+ 38.
Ke2 Qd3+ {White resigns} 0-1

[Event "ICC Open 2015"]
[Site "Internet Chess Club"]
[Date "2015.05.30"]
[Round "3"]
[White "Borknagar"]
[Black "MoonlightWizard"]
[Result "0-1"]
[ICCResult "White forfeits on time"]
[WhiteElo "1972"]
[BlackElo "2950"]
[Opening "Queen's Indian: old main line, 9.Qxc3"]
[ECO "E19"]
[NIC "QI.07"]
[Time "14:26:32"]
[TimeControl "180+0"]

1. d4 Nf6 2. Nf3 e6 3. c4 b6 4. g3 Bb7 5. Bg2 Be7 6. Nc3 Ne4 7. Qc2 Nxc3 8.
Qxc3 O-O 9. O-O d6 10. Re1 c5 11. e3 Nd7 12. b3 Rc8 13. Ba3 Qc7 14. d5 exd5
15. cxd5 Bf6 16. Qc2 Bxa1 17. Rxa1 Nf6 18. e4 Rfe8 19. Nd2 b5 20. Bb2 Nd7
21. f4 c4 22. Bd4 c3 23. Nf3 b4 24. Nh4 g6 25. Nf3 a5 26. Ng5 a4 27. f5 Ne5
28. fxg6 hxg6 29. Bh3 Ra8 30. Rf1 Ba6 31. Rf6 Bd3 32. Qf2 c2 33. Bxe5 c1=Q+
34. Kg2 Qxg5 35. Bxd6 Bxe4+ 36. Kg1 Qcc1+ 37. Bf1 Bxd5 {White forfeits on
time} 0-1

[Event "ICC Open 2015"]
[Site "Internet Chess Club"]
[Date "2015.05.30"]
[Round "3"]
[White "The7thGuest"]
[Black "Talion"]
[Result "0-1"]
[ICCResult "White resigns"]
[WhiteElo "2046"]
[BlackElo "2853"]
[Opening "Owen defense"]
[ECO "B00"]
[NIC "VO.01"]
[Time "14:27:01"]
[TimeControl "180+0"]

1. e4 b6 2. Nc3 Bb7 3. Nf3 g6 4. d4 Bg7 5. d5 d6 6. h4 h6 7. Bb5+ Nd7 8. a4
a6 9. Bd3 Ngf6 10. Bf4 c6 11. dxc6 Bxc6 12. Qe2 Nc5 13. e5 Bxf3 14. gxf3
dxe5 15. Bxe5 Nxd3+ 16. cxd3 O-O 17. h5 Nxh5 18. Bxg7 Kxg7 19. Rxh5 gxh5 20.
O-O-O Qd6 21. Rg1+ Kh7 22. Ne4 Qf4+ 23. Kb1 Rg8 24. Rc1 Rac8 25. Rd1 b5 26.
axb5 axb5 27. Nc3 e6 28. Nxb5 Rg5 29. Nc3 Rgc5 30. Qe4+ Qxe4 31. Nxe4 Ra5
32. d4 h4 33. Rh1 f5 34. Nc5 e5 35. Rxh4 exd4 36. Nb3 Ra4 37. Rxd4 Rxd4 38.
Nxd4 Kg6 39. b3 h5 40. f4 h4 41. Nf3 h3 42. Nh2 Re8 43. Kc2 Re2+ 44. Kc3
Rxf2 {White resigns} 0-1

[Event "ICC Open 2015"]
[Site "Internet Chess Club"]
[Date "2015.05.30"]
[Round "3"]
[White "Cinzento"]
[Black "jergus"]
[Result "0-1"]
[ICCResult "White forfeits on time"]
[WhiteElo "1742"]
[BlackElo "2193"]
[Opening "Sicilian: Kan, 5.Nc3"]
[ECO "B43"]
[NIC "SI.43"]
[Time "14:26:42"]
[TimeControl "180+0"]

1. e4 c5 2. Nf3 e6 3. Nc3 a6 4. d4 cxd4 5. Nxd4 b5 6. Be3 Bb7 7. Bd3 Nf6 8.
f3 Nc6 9. Qe2 Rc8 10. O-O d6 11. Rad1 Be7 12. Nxc6 Bxc6 13. e5 Nd5 14. exd6
Qxd6 15. Ne4 Qe5 16. f4 Qxb2 17. f5 e5 18. f6 gxf6 19. Bh6 Rg8 20. Ng3 Nc3
21. Qh5 Nxd1 22. Rxd1 Qd4+ 23. Kh1 Qf2 24. Rg1 Bd5 25. Ne4 Qd4 26. Ng3 e4
27. Nf5 Qe5 28. Ng7+ Rxg7 29. Qxe5 fxe5 30. Bxg7 exd3 31. cxd3 Rc1 32. Rxc1
Bxg2+ {White forfeits on time} 0-1

[Event "ICC Open 2015"]
[Site "Internet Chess Club"]
[Date "2015.05.30"]
[Round "3"]
[White "beaupre"]
[Black "RaHrAhRaHeHs"]
[Result "0-1"]
[ICCResult "White resigns"]
[WhiteElo "1824"]
[BlackElo "2333"]
[Opening "Sicilian: Kan, 5.Nc3"]
[ECO "B43"]
[NIC "SI.41"]
[Time "14:26:36"]
[TimeControl "180+0"]

1. e4 c5 2. Nf3 e6 3. d4 cxd4 4. Nxd4 a6 5. Nc3 Qc7 6. Be3 Nf6 7. Be2 Bb4 8.
Qd3 d5 9. O-O Bxc3 10. bxc3 dxe4 11. Qd2 Nbd7 12. Bg5 b5 13. Qe3 Bb7 14.
Rad1 Rc8 15. c4 bxc4 16. c3 Ne5 17. Bxf6 gxf6 18. Nxe6 fxe6 19. Bh5+ Ke7 20.
Qh6 Rcg8 21. Rd4 Nf3+ 22. Bxf3 exf3 23. g3 Rg6 24. Qd2 Rd8 25. Rd1 Rxd4 26.
Qxd4 Bd5 27. Re1 Kf7 28. Qh4 Kg7 29. Rb1 Qe5 30. h3 Qxc3 31. Qf4 Qe5 32. Qd2
Rxg3+ 33. fxg3 Qxg3+ 34. Kf1 c3 35. Qf2 Bc4+ 36. Ke1 Qe5+ 37. Kd1 Be2+ 38.
Kc2 Qe4+ 39. Kb3 Qxb1+ 40. Kxc3 Qd3+ {White resigns} 0-1

[Event "ICC Open 2015"]
[Site "Internet Chess Club"]
[Date "2015.05.30"]
[Round "3"]
[White "HPG1947"]
[Black "legatus"]
[Result "0-1"]
[ICCResult "White forfeits on time"]
[WhiteElo "1789"]
[BlackElo "2290"]
[Opening "Inverted Hanham"]
[ECO "A00"]
[NIC "VO.13"]
[Time "14:26:36"]
[TimeControl "180+0"]

1. d3 d5 2. Nf3 Nc6 3. Nbd2 e5 4. e4 Nf6 5. Be2 Bc5 6. O-O O-O 7. c3 Re8 8.
b4 Bb6 9. a4 a5 10. b5 Nb8 11. Qc2 Nbd7 12. Bb2 Nf8 13. Rfe1 Ng6 14. g3 Bg4
15. Bf1 Qd7 16. Bg2 Bh3 17. Bh1 Ng4 18. Re2 dxe4 19. Nxe4 h6 20. c4 f5 21.
Nc3 Rad8 22. Nd5 Ba7 23. b6 Bxb6 24. Nxb6 cxb6 25. Ne1 Nf6 26. c5 f4 27.
cxb6 Bf5 28. Qc7 Bxd3 29. Rd2 e4 30. Bxe4 Nxe4 {White forfeits on time} 0-1